FIQ, neutral male gnomish Wizard ---- |..| --- -- ---- --..--- ----.--- .| --..| --- |.....| |......-- ----..-- |...| |.-- |.....| |.......---- --.|....*-- |-..| |..--|.....-- ---........| ---....G....| |...---...--......| |........| |.a........- |-...|............| ----- --.......| ---@G##......| |...............------...------..---..| |...| - ....# --.--..........>.................| |..|--.--- ...| ------.........------...........-----|.h.| -- |........-- -............-----.--- --- |......--- |...---.......*.....| --.---.......----- --.-- --.|.....<..--- --.............*|.-- --- ----.|.....---- |..................| ----.|...|.-- --.|...*....|......| -----....| ----....---|......| --...| |...-- ---.---- |..-- ----- -- ---- FIQ the Thaumaturge Experience level: 6 Strength: 10 Dexterity: 14 Constitution: 17 Intelligence: 17 Wisdom: 12 Charisma: 9 Health: 0(42) Energy: 39(51) Def: 1 Gold: 385 Moves: 2464 Dungeon seed: ldPRErmw0dcNvuZj Game ID: FIQ_1476299200 Your Inventory: Coins $ - 385 gold pieces Weapons a - a blessed +1 quarterstaff (weapon in hands) Armor e - an uncursed +0 cloak of magic resistance (being worn) Comestibles x - 3 uncursed food rations D - an uncursed lichen corpse Scrolls u - an uncursed scroll of teleportation v - a blessed scroll of light y - 3 uncursed scrolls of blank paper A - an uncursed scroll of identify Spellbooks m - an uncursed spellbook of remove curse z - a blessed spellbook of force bolt Rings c - an uncursed ring of shock resistance d - an uncursed ring of sustain ability Wands C - a wand of enlightenment (0:13) Tools b - an uncursed bag of holding k - an uncursed lock pick l - a cursed magic lamp (lit) t - an uncursed towel Gems n - an uncursed worthless piece of white glass Contents of the bag of holding: 2 uncursed scrolls of create monster 2 uncursed scrolls of enchant weapon an uncursed scroll of identify an uncursed scroll of light an uncursed potion of confusion 2 uncursed potions of fruit juice an uncursed potion of gain energy a potion of holy water an uncursed potion of restore ability an uncursed potion of sleeping a magic marker (0:79) Spells and supernatural/magical abilities: Name Level Category Fail Memory a - force bolt 1 attack 0% 88% r - remove curse 3 clerical 85% 88% W - pray for help -- divine ? -- Your skills at the end: Fighting Skills wands [Basic] Weapon Skills quarterstaff [Basic] Spellcasting Skills attack spells [Skilled] enchantment spells [Basic] Final Attributes: You were devoutly aligned. You were magic-protected. You had infravision. You were unlucky. You are dead. Vanquished creatures: a large mimic a small mimic a soldier ant 5 Mordor orcs 10 Uruk-hai a rock piercer a shrieker a gray ooze a paper golem a dwarf a homunculus an orc zombie an iguana an acid blob 4 coyotes a hobbit a large kobold 6 giant rats a brown mold a yellow mold a red mold 3 gnomes 3 gnome zombies 3 geckos 4 jackals 3 foxes a kobold 2 sewer rats 4 grid bugs 5 lichens a kobold zombie 9 newts 80 creatures vanquished. Voluntary challenges: You had been an atheist until turn 1860. You used a wielded weapon 41 times, starting on turn 545. You read items or engraved 79 times, starting on turn 189. You never genocided any monsters. You never polymorphed an object. You never changed form. You used no wishes. You never split a pudding. You wrote Elbereth's name 72 times, starting on turn 189. You violated your moral code, losing 5 points of alignment, starting on turn 2419. Dungeon overview: The Dungeons of Doom: levels 1 to 2 Level 1 a fountain, a sink a long staircase Level 2 stairs to The Gnomish Mines The Gnomish Mines: levels 3 to 7 Level 3 stairs to The Dungeons of Doom Level 4 Level 5 Level 6 many shops, a temple to Anhur, some fountains Level 7 <- You were here History has recorded: On T:1 you entered the Dungeons of Doom to retrieve the Amulet of Yendor! On T:426 you reached level 2 of The Dungeons of Doom. On T:738 you reached level 1 of The Gnomish Mines. On T:797 you advanced to experience level 2. On T:953 you reached level 2 of The Gnomish Mines. On T:1048 you advanced to experience level 3. On T:1285 you reached level 3 of The Gnomish Mines. On T:1347 you advanced to experience level 4. On T:1626 you reached level 4 of The Gnomish Mines. On T:1918 you advanced to experience level 5. On T:1972 you advanced to experience level 6. On T:2164 you reached level 5 of The Gnomish Mines. Score breakdown: Gold: 385 ( 8798 points) Experience: 6 levels (12456 points) Exploration: 7 levels ( 14.00%) (10497 points) Discoveries: 4 items ( 1.38%) ( 3523 points) Valuables value: (no points given unless you survive) Artifact value: 0 ( 0 points) Variety of kills: 32 monsters ( 8.36%) ( 8671 points) Turncount: 2464 turns ( -309 points) Survival: died (score multiplied by 80%) Total score: 34908 Latest messages: There are a few objects here. The gnome grunts. The force bolt misses the soldier ant. The force bolt misses the soldier ant. The force bolt hits the soldier ant! The soldier ant bites! The soldier ant stings! The soldier ant bites! The soldier ant stings! You begin praying to Thoth. The soldier ant bites! You die... Final status: Goodbye FIQ the Wizard, killed by a soldier ant, while praying... You died in The Gnomish Mines on dungeon level 7 with 34908 points, and 385 pieces of gold, after 2464 moves. You were level 6 with a maximum of 42 hit points when you died.